Devils vs Penguins

Created - Thursday, January 28, 2016 at 00:31

Goals
1 2 3 T
Devils 1 6 1 8
Penguins 1 0 1 2
Shots
1 2 3 T
Devils 11 20 10 41
Penguins 6 9 17 32

1st period

1. Devils , Drew Stafford 23 (Paul Stastny, Matt Irwin) at 4:06
2. Penguins , Joakim Lindstrom 5 (Xavier Ouellet) at 8:04

Penalties :
David Warsofsky (NJD) for Hooking (Minor) at 0:36

2nd period

3. Devils , Brendan Shinnimin 3 (Chris Porter, Matt Greene) at 7:06
4. Devils , Matt Cullen 15 (Scottie Upshall) at 9:02 (PP)
5. Devils , Zach Boychuk 12 (Ales Hemsky, Chris Wideman) at 10:00 (PP)
6. Devils , Brad Hunt 4 (Scottie Upshall, Matt Cullen) at 12:19 (PP)
7. Devils , Paul Stastny 32 (Brad Hunt, Tyler Johnson) at 12:47 (PP)
8. Devils , Scottie Upshall 17 (Matt Cullen) at 18:18

Penalties :
Chris Bourque (NJD) for Holding (Minor) at 3:03, Chris Stewart (Pit) for Roughing (Double Minor) at 7:49, Marcus Foligno (Pit) for Slashing (Double Minor) at 11:59, Chris Stewart (Pit) for Fighting (Major) at 14:42, Andrew Miller (NJD) for Fighting (Major) at 14:42, David Warsofsky (NJD) for High sticking (Minor) at 18:31

3rd period

9. Penguins , Curtis McKenzie 2 (Joakim Lindstrom) at 0:28 (PP)
10. Devils , Matt Cullen 16 (Scottie Upshall) at 15:35 (SH)

Penalties :
Chris Bourque (NJD) for Hooking (Minor) at 13:51

Goalie Stats

Devan Dubnyk (NJD), 30 saves from 32 shots - (0.938), W, 23-18-3, 60:00 minutes
Alex Stalock (Pit), 33 saves from 41 shots - (0.805), L, 0-18-1, 60:00 minutes

Players Stats for Devils

Player Name              G  A  P  +/- PIM S  H  SB GA TA FO     MP     PP MP  PK MP  
------------------------------------------------------------------------------------
Ales Hemsky              0  1  1   1  0   3  0  1  3  0  2/3    16:13   2:00   1:37 
Andrew Miller            0  0  0   0  5   2  0  0  1  0  0/1    10:24   0:00   0:03 
Brad Hunt                1  1  2   0  0   1  0  0  1  1  0/0    21:42   2:00   4:10 
Brendan Shinnimin        1  0  1   0  0   2  1  0  3  0  5/5    10:20   0:00   0:57 
Chris Bourque            0  0  0   0  4   2  0  0  0  0  0/0     9:42   0:00   0:00 
Chris Porter             0  1  1   0  0   1  1  0  0  0  0/0     9:57   0:00   0:40 
Chris Wideman            0  1  1   3  0   0  2  1  0  0  0/0    22:10   0:59   3:44 
David Warsofsky          0  0  0   1  4   0  1  2  0  0  0/0    18:58   0:00   2:07 
Drew Stafford            1  0  1   1  0   4  3  1  1  0  0/0    16:50   1:40   0:00 
Jason Akeson             0  0  0   0  0   1  1  0  0  0  0/0    11:25   0:00   0:00 
Matt Cullen              2  2  4   2  0   3  1  2  0  2  20/25  20:45   1:19   6:17 
Matt Greene              0  1  1   2  0   3  3  3  1  2  0/0    20:16   0:00   4:10 
Matt Irwin               0  1  1   0  0   2  0  1  1  0  0/0    17:58   0:00   1:37 
Paul Stastny             1  1  2   1  0   6  2  3  6  0  10/15  16:50   1:40   0:00 
Scottie Upshall          1  3  4   2  0   5  3  2  3  0  0/0    21:16   1:19   6:17 
Sergei Gonchar           0  0  0   0  0   2  0  0  0  1  0/0    17:12   0:59   0:00 
Tyler Johnson            0  1  1   1  0   1  0  1  1  1  1/1    17:22   1:40   0:00 
Zach Boychuk             1  0  1   0  0   3  0  0  2  0  0/0    12:44   1:19   0:00 

Players Stats for Penguins

Player Name              G  A  P  +/- PIM S  H  SB GA TA FO     MP     PP MP  PK MP  
------------------------------------------------------------------------------------
Chris Butler             0  0  0   0  0   2  1  2  0  2  0/0    22:36   3:14   1:17 
Chris Kelly              0  0  0  -2  0   0  0  2  1  0  0/0    15:56   0:35   0:36 
Chris Stewart            0  0  0  -1  9   4  1  0  4  0  3/7    13:17   0:00   0:00 
Christian Ehrhoff        0  0  0   0  0   0  0  0  0  0  0/0     1:59   0:00   0:00 
Cody Ceci                0  0  0  -2  0   3  1  0  0  0  0/0    10:13   0:00   0:00 
Curtis McKenzie          1  0  1   0  0   2  1  1  0  1  2/17   20:29   3:39   2:35 
Garrett Meurs            0  0  0   0  0   0  1  0  0  0  1/3    24:03   3:04   2:37 
Jimmy Hayes              0  0  0  -2  0   0  0  0  1  1  0/0    13:57   0:00   0:00 
Joakim Lindstrom         1  1  2   0  0   6  0  1  2  1  2/3    18:07   3:39   0:00 
Jon Merrill              0  0  0  -2  0   3  0  1  0  0  0/0    10:13   0:00   0:00 
Linden Vey               0  0  0  -1  0   4  0  0  1  1  0/0    19:54   4:15   0:00 
Luke Witkowski           0  0  0  -1  0   3  1  0  0  1  0/0    25:12   4:40   1:42 
Marcus Foligno           0  0  0  -2  4   0  3  0  1  1  1/2    20:05   4:15   0:10 
Mark Fraser              0  0  0   0  0   0  3  1  0  1  0/0    22:36   3:14   1:17 
Mikael Granlund          0  0  0   0  0   0  0  0  0  0  0/0     5:38   0:00   0:00 
Nail Yakupov             0  0  0  -1  0   3  0  0  4  0  3/18   19:54   4:15   0:00 
Reilly Smith             0  0  0   0  0   0  0  0  0  0  0/0     5:38   0:00   0:00 
Xavier Ouellet           0  1  1  -1  0   2  1  3  0  4  0/0    27:11   4:40   1:42 

3 Stars

1 - Matt Cullen (NJD)
2 - Scottie Upshall (NJD)
3 - Paul Stastny (NJD)

Power Play

Devils - 4 on 4 Attempt(s) - 100.00%
Penguins - 1 on 4 Attempt(s) - 25.00%

Penalty Kill

Devils - 3 on 4 Attempt(s) - 75.00% - Score 1 goal in Penalty Kill
Penguins - 0 on 4 Attempt(s) - 0.00% - Score 0 goal in Penalty Kill

Team Stat

Devils - Hits : 18 - Faceoff Wins : 38 - Blocked Shots : 17 - Penalty Minutes : 13
Penguins - Hits : 13 - Faceoff Wins : 12 - Blocked Shots : 11 - Penalty Minutes : 13

Official

Referees : Unknown
Linesman : Unknown

Game Notes

Chris Stewart beats up Andrew Miller at 14:42 of 2nd period

Finance

Level 1 -- Attendance: 5538 (92.30%) -- Ticket Income $426,426
Level 2 -- Attendance: 5000 (100.00%) -- Ticket Income $250,000
Level 3 -- Attendance: 2000 (100.00%) -- Ticket Income $60,000
Level 4 -- Attendance: 3719 (92.98%) -- Ticket Income $52,066
Luxury Box -- Attendance: 938 (93.80%) -- Ticket Income $164,150
Game was played at the Consol Energy Center.
Total Attendance: 17195 (95.53%)
Total Ticket Income: $952,642
Other Income: $466,795
Total Income: $1,419,437

Devils

5 vs 5 Forward 
   Center                   Left Wing                Right Wing               Time % Phy DF OF 
 1 Paul Stastny             Tyler Johnson            Drew Stafford            38     0   0  5  
 2 Matt Cullen              Scottie Upshall          Ales Hemsky              30     1   2  2  
 3 Andrew Miller            Zach Boychuk             Jason Akeson             22     1   2  2  
 4 Brendan Shinnimin        Chris Bourque            Chris Porter             10     1   2  2  

5 vs 5 Defense 
   Defense                  Defense                                           Time % Phy DF OF 
 1 Matt Greene              Chris Wideman                                     35     1   2  2  
 2 Matt Irwin               David Warsofsky                                   34     1   2  2  
 3 Brad Hunt                Sergei Gonchar                                    30     1   2  2  
 4 Chris Wideman            Sergei Gonchar                                    1      1   2  2  

PowerPlay Forward 
   Center                   Left Wing                Right Wing               Time % Phy DF OF 
 1 Paul Stastny             Tyler Johnson            Drew Stafford            60     0   0  5  
 2 Matt Cullen              Zach Boychuk             Scottie Upshall          40     0   0  5  

PowerPlay Defense
   Defense                  Defense                                           Time % Phy DF OF 
 1 Ales Hemsky              Brad Hunt                                         60     0   0  5  
 2 Chris Wideman            Sergei Gonchar                                    40     0   0  5  

Penalty Kill 4 Players Forward 
   Center                   Wing                     Time % Phy DF OF 
 1 Matt Cullen              Scottie Upshall          60     0   5  0  
 2 Brendan Shinnimin        Ales Hemsky              40     0   5  0  

Penalty Kill 4 Players Defense
   Defense                  Defense                  Time % Phy DF OF 
 1 Matt Greene              Brad Hunt                60     0   5  0  
 2 Chris Wideman            David Warsofsky          40     0   5  0  

Penalty Kill - 3 Players Forward 
   Forward                                           Time % Phy DF OF 
 1 Matt Cullen                                       60     0   5  0  
 2 Brendan Shinnimin                                 40     0   5  0  

Penalty Kill - 3 Players Defense
   Defense                  Defense                  Time % Phy DF OF 
 1 Matt Greene              Brad Hunt                60     0   5  0  
 2 Sergei Gonchar           David Warsofsky          40     0   5  0  

4 vs 4 Forward 
   Center                   Wing                     Time % Phy DF OF 
 1 Paul Stastny             Tyler Johnson            60     0   0  5  
 2 Brendan Shinnimin        Matt Cullen              40     1   3  1  

4 vs 4 Defense
   Defense                  Defense                  Time % Phy DF OF 
 1 Matt Greene              Brad Hunt                60     0   0  5  
 2 Chris Wideman            Sergei Gonchar           40     1   3  1  

Last Minutes Offensive
   Center                   Left Wing                Right Wing               Defense                  Defense                  
   Paul Stastny             Tyler Johnson            Drew Stafford            Sergei Gonchar           Chris Wideman            

Last Minutes Defensive
   Center                   Left Wing                Right Wing               Defense                  Defense                  
   Paul Stastny             Matt Cullen              Scottie Upshall          Matt Greene              Matt Irwin               

Goaltenders
Starting : Devan Dubnyk             
Backup : Thomas Greiss            

Extra Forwards
Normal : Tyler Johnson, Scottie Upshall, Zach Boychuk - PP : Zach Boychuk, Jason Akeson - PK : Ales Hemsky
Extra Defensemen
Normal : Chris Wideman, Matt Greene, Brad Hunt - PP : Matt Greene - PK : Chris Wideman, David Warsofsky
Penalty Shots
Matt Cullen, Drew Stafford, Ales Hemsky, Tyler Johnson, Andrew Miller

Penguins

5 vs 5 Forward 
   Center                   Left Wing                Right Wing               Time % Phy DF OF 
 1 Curtis McKenzie          Garrett Meurs            Joakim Lindstrom         40     3   1  1  
 2 Nail Yakupov             Marcus Foligno           Linden Vey               35     3   1  1  
 3 Chris Stewart            Jimmy Hayes              Chris Kelly              20     3   1  1  
 4 Garrett Meurs            Mikael Granlund          Reilly Smith             5      3   1  1  

5 vs 5 Defense 
   Defense                  Defense                                           Time % Phy DF OF 
 1 Xavier Ouellet           Luke Witkowski                                    40     3   1  1  
 2 Chris Butler             Mark Fraser                                       40     3   1  1  
 3 Jon Merrill              Cody Ceci                                         15     3   1  1  
 4 Xavier Ouellet           Christian Ehrhoff                                 5      3   1  1  

PowerPlay Forward 
   Center                   Left Wing                Right Wing               Time % Phy DF OF 
 1 Curtis McKenzie          Garrett Meurs            Joakim Lindstrom         60     3   1  1  
 2 Nail Yakupov             Marcus Foligno           Linden Vey               40     3   1  1  

PowerPlay Defense
   Defense                  Defense                                           Time % Phy DF OF 
 1 Xavier Ouellet           Luke Witkowski                                    60     3   1  1  
 2 Chris Butler             Mark Fraser                                       40     3   1  1  

Penalty Kill 4 Players Forward 
   Center                   Wing                     Time % Phy DF OF 
 1 Curtis McKenzie          Garrett Meurs            60     3   1  1  
 2 Joakim Lindstrom         Linden Vey               40     3   1  1  

Penalty Kill 4 Players Defense
   Defense                  Defense                  Time % Phy DF OF 
 1 Xavier Ouellet           Luke Witkowski           60     3   1  1  
 2 Chris Butler             Mark Fraser              40     3   1  1  

Penalty Kill - 3 Players Forward 
   Forward                                           Time % Phy DF OF 
 1 Garrett Meurs                                     60     3   1  1  
 2 Curtis McKenzie                                   40     3   1  1  

Penalty Kill - 3 Players Defense
   Defense                  Defense                  Time % Phy DF OF 
 1 Xavier Ouellet           Luke Witkowski           60     3   1  1  
 2 Chris Butler             Mark Fraser              40     3   1  1  

4 vs 4 Forward 
   Center                   Wing                     Time % Phy DF OF 
 1 Curtis McKenzie          Garrett Meurs            60     3   1  1  
 2 Joakim Lindstrom         Linden Vey               40     3   1  1  

4 vs 4 Defense
   Defense                  Defense                  Time % Phy DF OF 
 1 Xavier Ouellet           Luke Witkowski           60     3   1  1  
 2 Chris Butler             Mark Fraser              40     3   1  1  

Last Minutes Offensive
   Center                   Left Wing                Right Wing               Defense                  Defense                  
   Curtis McKenzie          Garrett Meurs            Joakim Lindstrom         Xavier Ouellet           Luke Witkowski           

Last Minutes Defensive
   Center                   Left Wing                Right Wing               Defense                  Defense                  
   Curtis McKenzie          Garrett Meurs            Joakim Lindstrom         Xavier Ouellet           Luke Witkowski           

Goaltenders
Starting : Alex Stalock             
Backup : Keith Kinkaid            

Extra Forwards
Normal : Garrett Meurs, Curtis McKenzie, Joakim Lindstrom - PP : Garrett Meurs, Curtis McKenzie - PK : Garrett Meurs
Extra Defensemen
Normal : Xavier Ouellet, Luke Witkowski, Chris Butler - PP : Xavier Ouellet - PK : Xavier Ouellet, Luke Witkowski
Penalty Shots
Chris Kelly, Garrett Meurs, Curtis McKenzie, Joakim Lindstrom, Linden Vey

% Time on Ice - Devils

Lines # - Real PCT - Wanted PCT - Time Play
Normal Forward
1 - 32% - 38% - 15:49
2 - 26% - 30% - 12:36
3 - 23% - 22% - 11:25
4 - 19% - 10% - 9:17
Normal Defense
1 - 33% - 35% - 16:06
2 - 34% - 34% - 16:48
3 - 32% - 30% - 15:32
4 - 1% - 1% - 0:41
PP Forward
1 - 56% - 60% - 1:40
2 - 44% - 40% - 1:19
PP Defense
1 - 67% - 60% - 2:00
2 - 33% - 40% - 0:59
PK Forward
1 - 88% - 60% - 6:57
2 - 12% - 40% - 0:57
PK Defense
1 - 53% - 60% - 4:10
2 - 47% - 40% - 3:44
PK3 Forward
1 - 0% - 60%
2 - 0% - 40%
PK3 Defense
1 - 0% - 60%
2 - 0% - 40%
44 Forward
1 - 0% - 60%
2 - 0% - 40%
44 Defense
1 - 0% - 60%
2 - 0% - 40%
Last Minute Offensive  - 0:00
Last Minute Defensive  - 0:00
Total
Forward - 60:00
Defense - 60:00

% Time on Ice - Penguins

Lines # - Real PCT - Wanted PCT - Time Play
Normal Forward
1 - 28% - 40% - 13:53
2 - 32% - 35% - 15:39
3 - 28% - 20% - 13:57
4 - 11% - 5% - 5:38
Normal Defense
1 - 38% - 40% - 18:50
2 - 37% - 40% - 18:05
3 - 21% - 15% - 10:13
4 - 4% - 5% - 1:59
PP Forward
1 - 46% - 60% - 3:39
2 - 54% - 40% - 4:15
PP Defense
1 - 59% - 60% - 4:40
2 - 41% - 40% - 3:14
PK Forward
1 - 100% - 60% - 2:59
2 - 0% - 40% - 0:00
PK Defense
1 - 57% - 60% - 1:42
2 - 43% - 40% - 1:17
PK3 Forward
1 - 0% - 60%
2 - 0% - 40%
PK3 Defense
1 - 0% - 60%
2 - 0% - 40%
44 Forward
1 - 0% - 60%
2 - 0% - 40%
44 Defense
1 - 0% - 60%
2 - 0% - 40%
Last Minute Offensive  - 0:00
Last Minute Defensive  - 0:00
Total
Forward - 60:00
Defense - 60:00

Play by Play

1st period


0:01 of 1st period - Paul Stastny wins face-off versus Curtis McKenzie in neutral zone.
0:14 of 1st period - Curtis McKenzie is hit by Paul Stastny and loses puck.
0:31 of 1st period - Slapshot by Joakim Lindstrom.
0:31 of 1st period - Shot Misses the Net.
0:33 of 1st period - Snap shot by Luke Witkowski.
0:33 of 1st period - Stopped by Devan Dubnyk without a rebound.
0:34 of 1st period - Matt Cullen wins face-off versus Nail Yakupov in Devils zone.
0:36 of 1st period - Minor Penalty to David Warsofsky for Hooking.
0:37 of 1st period - Nail Yakupov wins face-off versus Matt Cullen in Devils zone.
2:26 of 1st period - Chris Butler is hit by Matt Cullen and loses puck.
2:36 of 1st period - Penalty to David Warsofsky is over, David Warsofsky is back on ice.
3:06 of 1st period - Jason Akeson is hit by Chris Butler and loses puck.
3:20 of 1st period - Slapshot by Andrew Miller.
3:20 of 1st period - Deflect By Zach Boychuk.
3:20 of 1st period - Stopped by Alex Stalock with a rebound.
3:22 of 1st period - Wrist shot by Jason Akeson.
3:22 of 1st period - Stopped by Alex Stalock with a rebound.
3:24 of 1st period - Slapshot by Sergei Gonchar.
3:24 of 1st period - Stopped by Alex Stalock with a rebound.
4:06 of 1st period - Slapshot by Drew Stafford.
4:06 of 1st period - Goal by Drew Stafford - Devils : 1 - Penguins : 0.
4:07 of 1st period - Brendan Shinnimin wins face-off versus Nail Yakupov in neutral zone.
5:59 of 1st period - Mark Fraser is hit by Matt Greene and loses puck.
6:10 of 1st period - Wrist shot by Andrew Miller.
6:10 of 1st period - Stopped by Alex Stalock with a rebound.
6:12 of 1st period - Slapshot by Matt Greene.
6:12 of 1st period - Stopped by Alex Stalock with a rebound.
6:14 of 1st period - Slapshot by Matt Greene.
6:14 of 1st period - Shot Blocked by Chris Butler.
6:34 of 1st period - Snap shot by Nail Yakupov.
6:34 of 1st period - Shot Hit the Post.
8:02 of 1st period - Slapshot by Joakim Lindstrom.
8:02 of 1st period - Shot Misses the Net.
8:04 of 1st period - Snap shot by Joakim Lindstrom.
8:04 of 1st period - Goal by Joakim Lindstrom - Devils : 1 - Penguins : 1.
8:05 of 1st period - Matt Cullen wins face-off versus Curtis McKenzie in neutral zone.
8:36 of 1st period - Snap shot by Jimmy Hayes.
8:36 of 1st period - Deflect By Chris Kelly.
8:36 of 1st period - Shot Blocked by Matt Greene.
8:36 of 1st period - Puck is out of play.
8:37 of 1st period - Paul Stastny wins face-off versus Chris Stewart in Devils zone.
9:09 of 1st period - Wrist shot by Tyler Johnson.
9:09 of 1st period - Stopped by Alex Stalock with a rebound.
9:11 of 1st period - Snap shot by Drew Stafford.
9:11 of 1st period - Stopped by Alex Stalock with a rebound.
9:13 of 1st period - Slapshot by Matt Irwin.
9:13 of 1st period - Stopped by Alex Stalock with a rebound.
9:25 of 1st period - Chris Kelly is hit by Jason Akeson.
9:37 of 1st period - Nail Yakupov is hit by David Warsofsky and loses puck.
10:21 of 1st period - Joakim Lindstrom is hit by Scottie Upshall and loses puck.
10:30 of 1st period - Snap shot by Ales Hemsky.
10:30 of 1st period - Shot Misses the Net.
12:09 of 1st period - Wrist shot by Mikael Granlund.
12:09 of 1st period - Shot Hit the Post.
12:42 of 1st period - Slapshot by Scottie Upshall.
12:42 of 1st period - Shot Misses the Net.
13:06 of 1st period - Backhand shot by Reilly Smith.
13:06 of 1st period - Shot Blocked by Matt Greene.
13:42 of 1st period - Slapshot by Sergei Gonchar.
13:42 of 1st period - Stopped by Alex Stalock with a rebound.
14:06 of 1st period - Slapshot by Drew Stafford.
14:06 of 1st period - Stopped by Alex Stalock without a rebound.
14:07 of 1st period - Curtis McKenzie wins face-off versus Paul Stastny in Penguins zone.
14:07 of 1st period - Curtis McKenzie is hit by Drew Stafford.
14:15 of 1st period - Wrist shot by Jon Merrill.
14:15 of 1st period - Stopped by Devan Dubnyk with a rebound.
14:17 of 1st period - Slapshot by Cody Ceci.
14:17 of 1st period - Stopped by Devan Dubnyk with a rebound.
14:19 of 1st period - Slapshot by Joakim Lindstrom.
14:19 of 1st period - Stopped by Devan Dubnyk with a rebound.
14:21 of 1st period - Slapshot by Cody Ceci.
14:21 of 1st period - Shot Blocked by Paul Stastny.
14:23 of 1st period - Slapshot by Jon Merrill.
14:23 of 1st period - Stopped by Devan Dubnyk with a rebound.
14:25 of 1st period - Slapshot by Cody Ceci.
14:25 of 1st period - Shot Blocked by Paul Stastny.
15:01 of 1st period - Matt Greene is hit by Cody Ceci and loses puck.
16:04 of 1st period - Icing by Sergei Gonchar.
16:05 of 1st period - Joakim Lindstrom wins face-off versus Matt Cullen in Devils zone.
16:30 of 1st period - Snap shot by Reilly Smith.
16:30 of 1st period - Shot Misses the Net.
16:32 of 1st period - Slapshot by Jon Merrill.
16:32 of 1st period - Shot Blocked by Ales Hemsky.
18:23 of 1st period - Mark Fraser is hit by Drew Stafford.
19:02 of 1st period - Reilly Smith is hit by Matt Greene and loses puck.
Goals for this period are 1 for Devils vs 1 for Penguins.
Shots for this period are 11 for Devils vs 6 for Penguins.

2nd period


0:01 of 2nd period - Joakim Lindstrom wins face-off versus Matt Cullen in neutral zone.
0:12 of 2nd period - Slapshot by Chris Butler.
0:12 of 2nd period - Shot Blocked by Scottie Upshall.
0:14 of 2nd period - Snap shot by Chris Butler.
0:14 of 2nd period - Shot Blocked by Chris Wideman.
0:26 of 2nd period - Snap shot by Chris Butler.
0:26 of 2nd period - Deflect By Joakim Lindstrom.
0:26 of 2nd period - Stopped by Devan Dubnyk with a rebound.
1:57 of 2nd period - Snap shot by Paul Stastny.
1:57 of 2nd period - Stopped by Alex Stalock with a rebound.
2:32 of 2nd period - Snap shot by Andrew Miller.
2:32 of 2nd period - Stopped by Alex Stalock without a rebound.
2:33 of 2nd period - Brendan Shinnimin wins face-off versus Curtis McKenzie in Penguins zone.
2:34 of 2nd period - Slapshot by Sergei Gonchar.
2:34 of 2nd period - Shot Misses the Net.
2:51 of 2nd period - Curtis McKenzie is hit by Brendan Shinnimin.
3:03 of 2nd period - Minor Penalty to Chris Bourque for Holding.
3:04 of 2nd period - Matt Cullen wins face-off versus Nail Yakupov in Devils zone.
3:25 of 2nd period - Wrist shot by Linden Vey.
3:25 of 2nd period - Shot Blocked by Matt Cullen.
3:27 of 2nd period - Wrist shot by Nail Yakupov.
3:27 of 2nd period - Stopped by Devan Dubnyk without a rebound.
3:28 of 2nd period - Matt Cullen wins face-off versus Curtis McKenzie in Devils zone.
3:51 of 2nd period - Slapshot by Chris Butler.
3:51 of 2nd period - Stopped by Devan Dubnyk with a rebound.
4:13 of 2nd period - Scottie Upshall is hit by Marcus Foligno and loses puck.
5:03 of 2nd period - Penalty to Chris Bourque is over, Chris Bourque is back on ice.
5:08 of 2nd period - Slapshot by Linden Vey.
5:08 of 2nd period - Stopped by Devan Dubnyk without a rebound.
5:09 of 2nd period - Paul Stastny wins face-off versus Nail Yakupov in Devils zone.
5:23 of 2nd period - Off-side.
5:24 of 2nd period - Chris Stewart wins face-off versus Paul Stastny in neutral zone.
5:27 of 2nd period - Drew Stafford is hit by Chris Stewart and loses puck.
5:47 of 2nd period - Snap shot by Paul Stastny.
5:47 of 2nd period - Shot Misses the Net.
6:49 of 2nd period - Nail Yakupov is hit by Chris Wideman and loses puck.
7:06 of 2nd period - Wrist shot by Brendan Shinnimin.
7:06 of 2nd period - Goal by Brendan Shinnimin - Devils : 2 - Penguins : 1.
7:07 of 2nd period - Brendan Shinnimin wins face-off versus Chris Stewart in neutral zone.
7:39 of 2nd period - Snap shot by Matt Irwin.
7:39 of 2nd period - Stopped by Alex Stalock with a rebound.
7:41 of 2nd period - Slapshot by Matt Irwin.
7:41 of 2nd period - Shot Blocked by Chris Kelly.
7:49 of 2nd period - Double Minor Penalty to Chris Stewart for Roughing.
7:50 of 2nd period - Curtis McKenzie wins face-off versus Paul Stastny in Penguins zone.
8:28 of 2nd period - Snap shot by Paul Stastny.
8:28 of 2nd period - Stopped by Alex Stalock with a rebound.
9:02 of 2nd period - Slapshot by Matt Cullen.
9:02 of 2nd period - Goal by Matt Cullen - Devils : 3 - Penguins : 1.
9:03 of 2nd period - Tyler Johnson wins face-off versus Curtis McKenzie in neutral zone.
9:55 of 2nd period - Mark Fraser is hit by Scottie Upshall and loses puck.
10:00 of 2nd period - Slapshot by Ales Hemsky.
10:00 of 2nd period - Deflect By Zach Boychuk.
10:00 of 2nd period - Goal by Zach Boychuk - Devils : 4 - Penguins : 1.
10:01 of 2nd period - Matt Cullen wins face-off versus Nail Yakupov in neutral zone.
10:22 of 2nd period - Wrist shot by Linden Vey.
10:22 of 2nd period - Stopped by Devan Dubnyk with a rebound.
10:24 of 2nd period - Snap shot by Nail Yakupov.
10:24 of 2nd period - Shot Blocked by David Warsofsky.
10:26 of 2nd period - Slapshot by Luke Witkowski.
10:26 of 2nd period - Shot Misses the Net.
10:28 of 2nd period - Snap shot by Luke Witkowski.
10:28 of 2nd period - Deflect By Linden Vey.
10:28 of 2nd period - Stopped by Devan Dubnyk with a rebound.
10:30 of 2nd period - Slapshot by Luke Witkowski.
10:30 of 2nd period - Deflect By Ales Hemsky.
10:30 of 2nd period - Stopped by Devan Dubnyk without a rebound.
10:31 of 2nd period - Paul Stastny wins face-off versus Chris Stewart in Devils zone.
10:57 of 2nd period - Slapshot by Chris Butler.
10:57 of 2nd period - Stopped by Devan Dubnyk with a rebound.
11:25 of 2nd period - Chris Wideman is hit by Mark Fraser and loses puck.
11:38 of 2nd period - Andrew Miller is hit by Marcus Foligno and loses puck.
11:59 of 2nd period - Double Minor Penalty to Marcus Foligno for Slashing.
12:00 of 2nd period - Matt Cullen wins face-off versus Curtis McKenzie in Penguins zone.
12:05 of 2nd period - Snap shot by Scottie Upshall.
12:05 of 2nd period - Shot Blocked by Xavier Ouellet.
12:07 of 2nd period - Slapshot by Ales Hemsky.
12:07 of 2nd period - Deflect By Luke Witkowski.
12:07 of 2nd period - Stopped by Alex Stalock with a rebound.
12:09 of 2nd period - Slapshot by Brad Hunt.
12:09 of 2nd period - Shot Blocked by Xavier Ouellet.
12:11 of 2nd period - Snap shot by Ales Hemsky.
12:11 of 2nd period - Shot Blocked by Xavier Ouellet.
12:13 of 2nd period - Wrist shot by Matt Cullen.
12:13 of 2nd period - Shot Misses the Net.
12:15 of 2nd period - Wrist shot by Matt Cullen.
12:15 of 2nd period - Shot Misses the Net.
12:17 of 2nd period - Backhand shot by Scottie Upshall.
12:17 of 2nd period - Stopped by Alex Stalock with a rebound.
12:19 of 2nd period - Slapshot by Brad Hunt.
12:19 of 2nd period - Goal by Brad Hunt - Devils : 5 - Penguins : 1.
12:20 of 2nd period - Paul Stastny wins face-off versus Curtis McKenzie in neutral zone.
12:23 of 2nd period - Wrist shot by Ales Hemsky.
12:23 of 2nd period - Deflect By Drew Stafford.
12:23 of 2nd period - Shot Misses the Net.
12:23 of 2nd period - Puck is out of play.
12:24 of 2nd period - Paul Stastny wins face-off versus Curtis McKenzie in Penguins zone.
12:37 of 2nd period - Slapshot by Paul Stastny.
12:37 of 2nd period - Stopped by Alex Stalock with a rebound.
12:39 of 2nd period - Snap shot by Paul Stastny.
12:39 of 2nd period - Shot Misses the Net.
12:41 of 2nd period - Slapshot by Brad Hunt.
12:41 of 2nd period - Shot Misses the Net.
12:43 of 2nd period - Snap shot by Paul Stastny.
12:43 of 2nd period - Shot Misses the Net.
12:45 of 2nd period - Snap shot by Paul Stastny.
12:45 of 2nd period - Shot Misses the Net.
12:47 of 2nd period - Snap shot by Paul Stastny.
12:47 of 2nd period - Goal by Paul Stastny - Devils : 6 - Penguins : 1.
12:48 of 2nd period - Matt Cullen wins face-off versus Nail Yakupov in neutral zone.
12:55 of 2nd period - Snap shot by Ales Hemsky.
12:55 of 2nd period - Stopped by Alex Stalock without a rebound.
12:56 of 2nd period - Matt Cullen wins face-off versus Nail Yakupov in Penguins zone.
13:01 of 2nd period - Wrist shot by Ales Hemsky.
13:01 of 2nd period - Shot Misses the Net.
13:03 of 2nd period - Snap shot by Scottie Upshall.
13:03 of 2nd period - Stopped by Alex Stalock without a rebound.
13:04 of 2nd period - Nail Yakupov wins face-off versus Ales Hemsky in Penguins zone.
14:18 of 2nd period - Snap shot by Paul Stastny.
14:18 of 2nd period - Stopped by Alex Stalock with a rebound.
14:20 of 2nd period - Slapshot by Matt Irwin.
14:20 of 2nd period - Deflect By Paul Stastny.
14:20 of 2nd period - Stopped by Alex Stalock with a rebound.
14:42 of 2nd period - Slapshot by Chris Stewart.
14:42 of 2nd period - Stopped by Devan Dubnyk without a rebound.
14:42 of 2nd period - Chris Stewart beats up Andrew Miller.
14:42 of 2nd period - Penalty to Chris Stewart for Fighting.
14:42 of 2nd period - Penalty to Andrew Miller for Fighting.
14:43 of 2nd period - Ales Hemsky wins face-off versus Garrett Meurs in Devils zone.
14:49 of 2nd period - Off-side.
14:50 of 2nd period - Matt Cullen wins face-off versus Garrett Meurs in neutral zone.
15:09 of 2nd period - Snap shot by Ales Hemsky.
15:09 of 2nd period - Shot Misses the Net.
15:11 of 2nd period - Wrist shot by Ales Hemsky.
15:11 of 2nd period - Shot Misses the Net.
15:13 of 2nd period - Wrist shot by Ales Hemsky.
15:13 of 2nd period - Shot Blocked by Chris Kelly.
15:15 of 2nd period - Wrist shot by Scottie Upshall.
15:15 of 2nd period - Stopped by Alex Stalock with a rebound.
15:53 of 2nd period - Nail Yakupov is hit by Drew Stafford and loses puck.
17:00 of 2nd period - Slapshot by Matt Greene.
17:00 of 2nd period - Stopped by Alex Stalock with a rebound.
17:02 of 2nd period - Wrist shot by Brendan Shinnimin.
17:02 of 2nd period - Deflect By Chris Bourque.
17:02 of 2nd period - Stopped by Alex Stalock with a rebound.
17:04 of 2nd period - Snap shot by Chris Porter.
17:04 of 2nd period - Deflect By Joakim Lindstrom.
17:04 of 2nd period - Shot Misses the Net.
17:04 of 2nd period - Puck is out of play.
17:05 of 2nd period - Brendan Shinnimin wins face-off versus Curtis McKenzie in Penguins zone.
17:18 of 2nd period - Chris Porter is hit by Xavier Ouellet.
17:28 of 2nd period - Wrist shot by Brendan Shinnimin.
17:28 of 2nd period - Shot Misses the Net.
17:30 of 2nd period - Slapshot by Chris Wideman.
17:30 of 2nd period - Shot Misses the Net.
18:16 of 2nd period - Snap shot by Scottie Upshall.
18:16 of 2nd period - Deflect By Matt Cullen.
18:16 of 2nd period - Shot Misses the Net.
18:16 of 2nd period - Puck is out of play.
18:17 of 2nd period - Matt Cullen wins face-off versus Marcus Foligno in Penguins zone.
18:18 of 2nd period - Wrist shot by Scottie Upshall.
18:18 of 2nd period - Goal by Scottie Upshall - Devils : 7 - Penguins : 1.
18:19 of 2nd period - Paul Stastny wins face-off versus Nail Yakupov in neutral zone.
18:31 of 2nd period - Minor Penalty to David Warsofsky for High sticking.
18:32 of 2nd period - Matt Cullen wins face-off versus Nail Yakupov in Devils zone.
19:01 of 2nd period - Icing by Marcus Foligno.
19:02 of 2nd period - Matt Cullen wins face-off versus Nail Yakupov in Penguins zone.
19:42 of 2nd period - Penalty to Andrew Miller is over, Andrew Miller is back on ice.
Goals for this period are 6 for Devils vs 0 for Penguins.
Shots for this period are 20 for Devils vs 9 for Penguins.

3rd period


0:01 of 3rd period - Matt Cullen wins face-off versus Joakim Lindstrom in neutral zone.
0:04 of 3rd period - Luke Witkowski is hit by Matt Greene and loses puck.
0:16 of 3rd period - Wrist shot by Luke Witkowski.
0:16 of 3rd period - Deflect By Joakim Lindstrom.
0:16 of 3rd period - Shot Blocked by Matt Greene.
0:16 of 3rd period - Puck is out of play.
0:17 of 3rd period - Matt Cullen wins face-off versus Curtis McKenzie in Devils zone.
0:28 of 3rd period - Wrist shot by Curtis McKenzie.
0:28 of 3rd period - Goal by Curtis McKenzie - Devils : 7 - Penguins : 2.
0:29 of 3rd period - Paul Stastny wins face-off versus Curtis McKenzie in neutral zone.
0:40 of 3rd period - Snap shot by Joakim Lindstrom.
0:40 of 3rd period - Shot Blocked by David Warsofsky.
0:42 of 3rd period - Backhand shot by Xavier Ouellet.
0:42 of 3rd period - Shot Blocked by Drew Stafford.
0:44 of 3rd period - Slapshot by Luke Witkowski.
0:44 of 3rd period - Shot Blocked by Paul Stastny.
0:46 of 3rd period - Slapshot by Luke Witkowski.
0:46 of 3rd period - Stopped by Devan Dubnyk without a rebound.
0:47 of 3rd period - Paul Stastny wins face-off versus Curtis McKenzie in Devils zone.
0:47 of 3rd period - Paul Stastny is hit by Garrett Meurs.
1:05 of 3rd period - Snap shot by Xavier Ouellet.
1:05 of 3rd period - Stopped by Devan Dubnyk with a rebound.
1:07 of 3rd period - Slapshot by Xavier Ouellet.
1:07 of 3rd period - Shot Blocked by Matt Irwin.
1:09 of 3rd period - Backhand shot by Xavier Ouellet.
1:09 of 3rd period - Deflect By Joakim Lindstrom.
1:09 of 3rd period - Shot Misses the Net.
1:09 of 3rd period - Puck is out of play.
1:10 of 3rd period - Nail Yakupov wins face-off versus Matt Cullen in Devils zone.
1:39 of 3rd period - Wrist shot by Matt Cullen.
1:39 of 3rd period - Stopped by Alex Stalock with a rebound.
1:41 of 3rd period - Slapshot by Scottie Upshall.
1:41 of 3rd period - Shot Blocked by Mark Fraser.
1:43 of 3rd period - Slapshot by Matt Greene.
1:43 of 3rd period - Stopped by Alex Stalock without a rebound.
1:44 of 3rd period - Chris Stewart wins face-off versus Andrew Miller in Penguins zone.
2:55 of 3rd period - Wrist shot by Joakim Lindstrom.
2:55 of 3rd period - Stopped by Devan Dubnyk without a rebound.
2:56 of 3rd period - Paul Stastny wins face-off versus Nail Yakupov in Devils zone.
3:13 of 3rd period - Snap shot by Paul Stastny.
3:13 of 3rd period - Deflect By Cody Ceci.
3:13 of 3rd period - Shot Blocked by Jon Merrill.
3:13 of 3rd period - Puck is out of play.
3:14 of 3rd period - Marcus Foligno wins face-off versus Paul Stastny in Penguins zone.
3:19 of 3rd period - Cody Ceci is hit by Chris Wideman and loses puck.
3:59 of 3rd period - Slapshot by Cody Ceci.
3:59 of 3rd period - Stopped by Devan Dubnyk without a rebound.
4:00 of 3rd period - Ales Hemsky wins face-off versus Curtis McKenzie in Devils zone.
4:05 of 3rd period - Wrist shot by Joakim Lindstrom.
4:05 of 3rd period - Stopped by Devan Dubnyk with a rebound.
4:07 of 3rd period - Wrist shot by Joakim Lindstrom.
4:07 of 3rd period - Shot Misses the Net.
4:09 of 3rd period - Wrist shot by Joakim Lindstrom.
4:09 of 3rd period - Deflect By Curtis McKenzie.
4:09 of 3rd period - Stopped by Devan Dubnyk without a rebound.
4:10 of 3rd period - Garrett Meurs wins face-off versus Matt Cullen in Devils zone.
4:53 of 3rd period - Slapshot by Chris Stewart.
4:53 of 3rd period - Stopped by Devan Dubnyk without a rebound.
4:54 of 3rd period - Brendan Shinnimin wins face-off versus Chris Stewart in Devils zone.
6:04 of 3rd period - Slapshot by Drew Stafford.
6:04 of 3rd period - Stopped by Alex Stalock without a rebound.
6:05 of 3rd period - Matt Cullen wins face-off versus Curtis McKenzie in Penguins zone.
6:06 of 3rd period - Wrist shot by Ales Hemsky.
6:06 of 3rd period - Stopped by Alex Stalock without a rebound.
6:07 of 3rd period - Matt Cullen wins face-off versus Curtis McKenzie in Penguins zone.
6:12 of 3rd period - Snap shot by Scottie Upshall.
6:12 of 3rd period - Stopped by Alex Stalock with a rebound.
6:14 of 3rd period - Snap shot by Matt Cullen.
6:14 of 3rd period - Shot Blocked by Curtis McKenzie.
6:30 of 3rd period - Snap shot by Ales Hemsky.
6:30 of 3rd period - Shot Misses the Net.
6:32 of 3rd period - Snap shot by Matt Cullen.
6:32 of 3rd period - Shot Misses the Net.
7:18 of 3rd period - Slapshot by Marcus Foligno.
7:18 of 3rd period - Shot Misses the Net.
7:20 of 3rd period - Wrist shot by Nail Yakupov.
7:20 of 3rd period - Stopped by Devan Dubnyk with a rebound.
7:22 of 3rd period - Slapshot by Cody Ceci.
7:22 of 3rd period - Shot Blocked by Tyler Johnson.
7:24 of 3rd period - Slapshot by Cody Ceci.
7:24 of 3rd period - Stopped by Devan Dubnyk with a rebound.
7:26 of 3rd period - Snap shot by Linden Vey.
7:26 of 3rd period - Deflect By Paul Stastny.
7:26 of 3rd period - Stopped by Devan Dubnyk with a rebound.
7:28 of 3rd period - Slapshot by Jon Merrill.
7:28 of 3rd period - Stopped by Devan Dubnyk with a rebound.
8:28 of 3rd period - Sergei Gonchar is hit by Luke Witkowski and loses puck.
8:45 of 3rd period - Snap shot by Brendan Shinnimin.
8:45 of 3rd period - Shot Misses the Net.
8:57 of 3rd period - Slapshot by Brendan Shinnimin.
8:57 of 3rd period - Shot Misses the Net.
9:01 of 3rd period - Snap shot by Chris Porter.
9:01 of 3rd period - Stopped by Alex Stalock with a rebound.
9:05 of 3rd period - Wrist shot by Brendan Shinnimin.
9:05 of 3rd period - Stopped by Alex Stalock without a rebound.
9:06 of 3rd period - Matt Cullen wins face-off versus Nail Yakupov in Penguins zone.
9:15 of 3rd period - Wrist shot by Matt Cullen.
9:15 of 3rd period - Shot Blocked by Chris Butler.
9:21 of 3rd period - Wrist shot by Nail Yakupov.
9:21 of 3rd period - Stopped by Devan Dubnyk without a rebound.
9:22 of 3rd period - Matt Cullen wins face-off versus Nail Yakupov in Devils zone.
9:22 of 3rd period - Matt Cullen is hit by Mark Fraser.
9:34 of 3rd period - Snap shot by Linden Vey.
9:34 of 3rd period - Shot Misses the Net.
9:36 of 3rd period - Snap shot by Marcus Foligno.
9:36 of 3rd period - Shot Blocked by Scottie Upshall.
10:49 of 3rd period - Slapshot by Chris Porter.
10:49 of 3rd period - Shot Blocked by Joakim Lindstrom.
12:21 of 3rd period - Chris Butler is hit by Scottie Upshall and loses puck.
12:36 of 3rd period - Slapshot by Joakim Lindstrom.
12:36 of 3rd period - Shot Misses the Net.
12:38 of 3rd period - Snap shot by Cody Ceci.
12:38 of 3rd period - Shot Blocked by Matt Cullen.
12:40 of 3rd period - Snap shot by Joakim Lindstrom.
12:40 of 3rd period - Stopped by Devan Dubnyk with a rebound.
12:42 of 3rd period - Slapshot by Cody Ceci.
12:42 of 3rd period - Shot Misses the Net.
13:12 of 3rd period - Brad Hunt is hit by Marcus Foligno and loses puck.
13:51 of 3rd period - Minor Penalty to Chris Bourque for Hooking.
13:52 of 3rd period - Matt Cullen wins face-off versus Nail Yakupov in Devils zone.
14:45 of 3rd period - Ales Hemsky is hit by Mark Fraser and loses puck.
14:58 of 3rd period - Marcus Foligno is hit by Chris Porter and loses puck.
15:35 of 3rd period - Slapshot by Matt Cullen.
15:35 of 3rd period - Goal by Matt Cullen - Devils : 8 - Penguins : 2.
15:36 of 3rd period - Matt Cullen wins face-off versus Nail Yakupov in neutral zone.
15:51 of 3rd period - Penalty to Chris Bourque is over, Chris Bourque is back on ice.
16:11 of 3rd period - Snap shot by Chris Stewart.
16:11 of 3rd period - Stopped by Devan Dubnyk without a rebound.
16:12 of 3rd period - Chris Stewart wins face-off versus Paul Stastny in Devils zone.
16:23 of 3rd period - Snap shot by Chris Kelly.
16:23 of 3rd period - Shot Misses the Net.
16:25 of 3rd period - Wrist shot by Chris Stewart.
16:25 of 3rd period - Stopped by Devan Dubnyk with a rebound.
16:27 of 3rd period - Slapshot by Xavier Ouellet.
16:27 of 3rd period - Stopped by Devan Dubnyk with a rebound.
16:51 of 3rd period - Joakim Lindstrom is hit by Paul Stastny and loses puck.
17:47 of 3rd period - Snap shot by Chris Porter.
17:47 of 3rd period - Shot Misses the Net.
17:49 of 3rd period - Slapshot by Chris Porter.
17:49 of 3rd period - Deflect By Chris Bourque.
17:49 of 3rd period - Stopped by Alex Stalock with a rebound.
18:31 of 3rd period - Paul Stastny is hit by Curtis McKenzie and loses puck.
18:46 of 3rd period - Slapshot by Zach Boychuk.
18:46 of 3rd period - Stopped by Alex Stalock with a rebound.
Goals for this period are 1 for Devils vs 1 for Penguins.
Shots for this period are 10 for Devils vs 17 for Penguins.